Map: Góra Asper

Players

SI 1 (Średnio trudna)

  • Race: Terran Terran
  • Spawn Location: 5:00

Romeo - Winner!

  • Race: Terran Terran
  • Spawn Location: 7:00

VOD

Have the link to the VOD?

Description

Time

  • Played on: Dec. 20, 2021, 2:30 p.m.
  • Length: 19:38
Show
View Real Time Build Order
Export as new Build Order

SI 1 (Średnio trudna) Terran 

Build Orders:  

Get SALT Encoding   

  12  0:00  SCV  
  13  0:13  SCV  
  14  0:18  Supply Depot  
  14  0:25  SCV  
  15  0:40  SCV  
  15  0:42  Barracks  
  16  0:49  Refinery  
  16  0:52  SCV  
  17  1:04  SCV  
  18  1:16  Supply Depot  
  18  1:29  Marine  
  18  1:31  Orbital Command  
  19  1:34  Barracks  
  19  1:42  Refinery  
  19  1:48  Barracks Tech Lab  
  19  2:06  Marine  
  20  2:08  Supply Depot  
  20  2:24  Marine  
  20  2:29  Marine  
  21  2:30  SCV  
  23  2:42  SCV, Marauder, Engineering Bay  
  26  2:55  SCV  
  26  2:57  Supply Depot  
  27  3:04  Marauder  
  29  3:07  SCV  
  30  3:19  SCV  
  31  3:25  Marauder  
  33  3:31  SCV  
  34  3:47  Marauder  
  36  5:17  SCV, Marine, Barracks Tech Lab  
  36  5:19  Factory  
  38  5:23  Factory  
  38  5:24  Supply Depot  
  38  5:25  Missile Turret  
  38  5:27  Missile Turret  
  38  5:29  SCV  
  38  5:32  Sensor Tower  
  38  5:34  Ghost Academy  
  38  5:35  Marine  
  39  5:37  Barracks  
  39  5:39  Marine  
  41  5:49  Bunker  
  37  5:53  Marine  
  30  5:57  Marine  
  31  6:08  Command Center, Starport  
  31  6:11  Marine  
  32  6:12  Armory, Factory Tech Lab x2  
  32  6:16  Marine  
  33  6:24  Barracks Reactor  
  33  6:29  Marauder  
  35  6:35  Marauder  
  37  6:44  Starport Tech Lab  
  37  6:50  Marauder  
  39  6:56  Marauder  
  41  7:03  Marine  
  41  7:04  Raven  
  44  7:12  Ghost  
  46  7:20  SCV  
  46  7:21  Refinery  
  47  7:23  SCV  
  48  7:32  SCV  
  48  7:35  SCV  
  50  7:38  Missile Turret  
  50  7:44  SCV  
  50  7:45  Missile Turret  
  50  7:46  Raven  
  50  7:47  Refinery  
  50  7:48  SCV  
  54  7:57  SCV  
  55  8:00  SCV  
  56  8:07  Bunker  
  56  8:09  SCV  
  56  8:12  SCV  
  58  8:21  SCV  
  58  8:24  SCV  
  60  8:33  SCV  
  61  8:36  SCV  
  61  8:40  Supply Depot  
  62  8:45  SCV  
  64  8:48  SCV  
  64  8:57  SCV  
  64  9:00  SCV  
  66  9:09  SCV  
  67  9:23  Ghost, Medivac, Combat Shield  
  67  9:24  Terran Infantry Weapons Level 1, Stimpack  
  71  9:26  Starport  
  71  9:28  Supply Depot  
  71  9:30  Marine  
  72  9:33  Engineering Bay  
  72  9:37  Marine  
  63  9:48  Ghost  
  63  9:52  Marine  
  56  9:53  Medivac, Supply Depot  
  56  9:58  Terran Infantry Armor Level 1  
  56  9:59  Marine  
  59  10:02  Starport Tech Lab  
  59  10:06  Marine  
  56  10:13  Marine  
  57  10:20  Marine, Raven  
  56  10:23  Raven  
  56  10:28  Marine  
  59  10:34  SCV  
  59  10:35  Marine  
  53  10:37  SCV  
  53  10:42  Marine, Concussive Shells  
  45  10:46  SCV  
  39  10:53  Ghost  
  40  10:58  SCV  
  40  11:00  Ghost  
  40  11:03  Raven  
  40  11:04  Marine  
  44  11:06  Medivac  
  44  11:10  SCV  
  47  11:11  Marine  
  48  11:21  Marine  
  48  11:22  SCV  
  49  11:26  Marine  
  49  11:29  Command Center  
  50  11:33  Marine  
  50  11:35  SCV  
  52  11:40  Ghost  
  55  11:47  SCV  
  55  11:48  Refinery  
  55  11:50  Ghost  
  57  11:55  Fusion Core  
  57  11:59  SCV  
  58  12:08  Ghost  
  58  12:11  SCV  
  61  12:15  Armory  
  61  12:20  Marauder  
  63  12:23  SCV  
  64  12:35  SCV  
  64  12:38  Marauder  
  59  12:54  Command Center  
  59  12:55  Marine  
  59  13:02  Marine  
  60  13:09  Marine  
  61  13:16  Marine  
  62  13:23  Ghost  
  62  13:24  SCV  
  66  13:27  SCV  
  66  13:34  Ghost  
  65  13:35  Siege Tank  
  53  13:41  Siege Tank  
  53  13:46  Marine  
  52  13:51  Marine  
  53  13:56  Marine, Raven  
  56  14:02  Marine  
  56  14:07  Hellion  
  59  14:13  Siege Tank  
  62  14:28  Marine, Siege Tank  
  66  14:33  Marine  
  66  14:34  Raven  
  66  14:38  Marine  
  69  14:43  Marine  
  71  14:48  Marine  
  72  14:53  Marine  
  72  14:54  Refinery  
  72  14:59  Hellion  
  75  15:04  Siege Tank  
  78  15:20  Siege Tank  
  81  15:26  Marine  
  81  15:27  Refinery  
  80  15:32  Marine, Medivac  
  77  15:37  Hellion  
  79  15:51  SCV  
  79  15:52  Siege Tank  
  79  15:55  SCV  
  84  15:58  SCV, Thor  
  84  16:03  SCV  
  90  16:07  Medivac  
  91  16:12  Marine  
  91  16:17  Marine  
  73  16:22  Marine  
  55  16:27  SCV, Marine  
  55  16:31  SCV  
  55  16:32  Marine  
  53  16:34  SCV  
  53  16:37  Marine  
  53  16:39  SCV  
  56  16:42  Siege Tank  
  56  16:43  SCV  
  60  16:48  Hellion  
  60  16:54  Marine  
  61  17:00  Raven  
  64  17:02  Marine  
  57  17:09  Siege Tank  
  57  17:14  Siege Tank  
  63  17:17  Marauder  
  63  17:22  Marine  
  66  17:25  Marine  
  66  17:28  Marine  
  68  17:39  Marauder  
  68  17:40  Marauder  
  68  17:43  Marine  
  70  17:45  Marine  
  49  18:00  Marine x2  
  49  18:01  Marine  
  49  18:02  Raven  
  49  18:03  Marine  
  44  18:17  Marine  
  44  18:19  Viking  
  24  19:22  SCV  
Show
View Real Time Build Order
Export as new Build Order

Romeo Terran - Winner!

Build Orders:  

Get SALT Encoding   

  12  0:00  SCV  
  13  0:12  SCV  
  14  0:24  SCV  
  14  0:27  Supply Depot  
  15  0:29  Refinery  
  15  0:49  SCV  
  16  0:55  Supply Depot  
  16  1:01  SCV  
  16  1:03  Barracks  
  17  1:13  SCV  
  18  1:25  SCV  
  19  1:37  SCV  
  20  1:50  Orbital Command  
  20  1:52  Barracks Reactor  
  20  1:58  Command Center  
  20  2:04  Refinery  
  20  2:19  Supply Depot  
  20  2:30  SCV  
  21  2:39  Marine x2  
  23  2:48  SCV, Barracks  
  24  2:56  Marine x2  
  26  3:01  SCV  
  27  3:11  Refinery  
  28  3:13  SCV  
  28  3:14  Marine x2  
  28  3:15  Orbital Command  
  30  3:26  Engineering Bay  
  30  3:31  SCV  
  31  3:35  Marine x2  
  31  3:37  Barracks Tech Lab  
  33  3:43  SCV  
  33  3:47  Factory  
  35  3:48  SCV  
  35  3:55  SCV  
  35  4:00  Marine x2, Marauder  
  35  4:02  Concussive Shells  
  40  4:04  Terran Infantry Weapons Level 1  
  40  4:08  SCV  
  41  4:16  SCV  
  42  4:20  SCV  
  43  4:26  Refinery  
  43  4:28  SCV  
  43  4:29  Marine x2  
  43  4:30  Marauder  
  48  4:32  SCV  
  48  4:35  Factory Tech Lab  
  49  4:44  Starport  
  49  4:49  Marine x2  
  49  4:52  Marauder  
  53  5:09  Marine  
  53  5:14  Command Center  
  54  5:32  Supply Depot  
  54  5:35  Supply Depot, Starport Reactor  
  54  5:46  Marine  
  54  5:49  Marauder  
  54  5:54  Cyclone  
  54  5:56  Combat Shield  
  55  6:03  Terran Infantry Armor Level 1  
  55  6:15  Bunker  
  55  6:20  Engineering Bay  
  55  6:22  Marine x2  
  57  6:29  Marauder  
  59  6:33  Cyclone  
  59  6:35  Mag-Field Accelerator  
  59  6:38  Medivac x2  
  66  6:48  SCV x2  
  66  6:51  Orbital Command  
  68  7:02  Missile Turret  
  68  7:08  Viking x2  
  70  7:10  Armory  
  72  7:19  Marine, Command Center  
  72  7:20  Marine, Marauder  
  76  7:40  Viking x2, Starport  
  80  7:46  Marine x2  
  80  7:47  Marauder  
  84  7:58  Supply Depot, Armory  
  84  8:00  Terran Vehicle And Ship Armor Level 1  
  84  8:04  Marine  
  85  8:19  Starport  
  85  8:20  Marine, Supply Depot, Siege Tank  
  89  8:32  Supply Depot  
  89  8:36  Starport Reactor  
  89  8:37  Medivac x2  
  93  8:49  Marine  
  93  8:50  Marine, Marauder  
  93  8:52  Siege Tank  
  93  8:54  SCV, Supply Depot  
  101  9:07  Marine x2, Viking x2  
  101  9:09  Supply Depot  
  107  9:16  Starport Reactor  
  107  9:22  Viking x2  
  111  9:24  Siege Tank  
  111  9:25  Command Center  
  114  9:32  Supply Depot  
  114  9:37  Viking x2  
  118  9:50  Terran Vehicle Weapons Level 1  
  118  9:51  Terran Infantry Weapons Level 2  
  118  9:54  Marine x2, Terran Ship Weapons Level 1  
  118  9:55  Marauder  
  118  9:56  Supply Depot  
  122  10:00  Siege Tank  
  125  10:12  Marine x2  
  127  10:17  Marauder  
  129  10:30  Marine  
  129  10:33  Siege Tank  
  133  10:38  Marauder  
  135  10:58  Marine x2  
  135  10:59  Marauder  
  135  11:02  SCV  
  135  11:03  SCV x2  
  142  11:08  Supply Depot  
  142  11:11  Planetary Fortress  
  142  11:14  SCV  
  142  11:15  SCV x2  
  142  11:16  Marine  
  144  11:21  Marauder  
  146  11:27  SCV x2  
  146  11:31  Supply Depot  
  148  11:42  Marauder  
  150  11:53  Supply Depot, Command Center  
  150  11:58  Terran Vehicle Weapons Level 2  
  150  11:59  Terran Ship Weapons Level 2  
  150  12:07  SCV x4  
  154  12:10  Marine x2, Marauder  
  154  12:13  Viking x2  
  162  12:16  Supply Depot  
  162  12:17  Viking  
  162  12:19  SCV x2  
  166  12:27  Marine  
  166  12:28  Marine  
  168  12:32  Marauder  
  170  12:40  Refinery  
  170  12:50  Missile Turret  
  156  13:08  Marine x2  
  156  13:09  Marauder  
  156  13:12  Thor  
  160  13:16  Sensor Tower, Medivac x2  
  160  13:17  Medivac x2  
  160  13:18  Viking  
  160  13:19  Viking  
  178  13:26  Marine x2  
  180  13:30  Marauder  
  181  13:42  Sensor Tower  
  181  13:55  Thor  
  181  14:01  Marine x2  
  181  14:02  Marauder  
  191  14:05  Viking x4  
  199  14:16  Refinery, Planetary Fortress  
  199  14:19  Marine  
  200  14:36  Terran Infantry Weapons Level 3  
  200  14:43  Terran Ship Weapons Level 3  
  200  14:55  Refinery  
  184  15:24  Refinery  
  146  15:48  Marine x2  
  146  15:49  Marauder  
  150  15:52  Medivac x3, Viking  
  150  15:53  Medivac, Viking  
  150  15:56  Cyclone  
  165  16:06  Marine x2  
  165  16:10  Marauder  
  157  16:22  Medivac, Viking  
  157  16:43  Marine x2  
  157  16:44  Marauder  
  159  17:01  Marine x2  
  159  17:05  Marine  
  162  17:19  Marine x2  
  164  17:23  Marine  
  165  17:37  Marine x2  
  165  17:41  Marine  
  165  17:42  Missile Turret  
  163  17:46  Missile Turret  
  163  17:49  Missile Turret  
  148  17:55  Stimpack  
  148  17:57  Smart Servos  
  147  17:58  Marine  
  145  18:06  Missile Turret  
  142  18:13  Command Center  
  142  18:46  Command Center  
  142  19:07  Command Center  
Tags
 
Matchup
TvT
Race
Terran
Spawn Locations
Close Positions
Add a new tag
Caveats
  • Supply blocks, unpowered buildings, or Contaminate may cause inaccurate times.
  • Supply counts are checked every 10 seconds.